3AAA
BALBOA BUCCANEERS @ AUGUSTA TIMBER HAWKS
09/04/2019
 
TOP OF THE 1ST
Balboa Buccaneers batting - Pitching for Augusta Timber Hawks : RHP Henri Pollini
Pitching: RHP Henri Pollini
Batting: LHB Steve Grimes 0-0: Ball
1-0: Ball
2-0: Ball
3-0: Called Strike
3-1: SINGLE (Groundball, 4MD)
Batting: RHB Denis Taylor 0-0: Ball
1-0: Ball
2-0: Ball
3-0: Called Strike
3-1: Foul Ball, location: 2F
3-2: Base on Balls
Steve Grimes to second
Batting: RHB Miguel Ramírez 0-0: Ball
1-0: Called Strike
1-1: Ball
2-1: Ball
3-1: Swinging Strike
3-2: Strikes out looking
Throwing error on steal attempt, E2
Steve Grimes scores
Denis Taylor to third
Batting: SHB Walt Smith 0-0: Called Strike
0-1: Called Strike
0-2: SINGLE (Flyball, 7S)
Denis Taylor scores
Batting: RHB Roy Childress 0-0: Called Strike
0-1: Ball
1-1: Fly out, F4 (Popup, 4M)
Batting: RHB César Garza 0-0: DOUBLE (Flyball, 9LM)
Walt Smith to third
Batting: RHB Matt Nelson 0-0: Foul Ball, location: 2F
0-1: Reached on error, E5 (Groundball, 5)
Walt Smith scores
César Garza to third
Batting: SHB Wook-jin Pae 0-0: Called Strike
0-1: Ball
1-1: Foul Ball, location: 2F
1-2: Foul Ball, location: 2F
1-2: Ball
2-2: Strikes out swinging
Top of the 1st over - 3 run(s), 3 hit(s), 2 error(s), 2 left on base; Balboa 3 - Augusta 0
BOTTOM OF THE 1ST
Augusta Timber Hawks batting - Pitching for Balboa Buccaneers : RHP Bill Swain
Pitching: RHP Bill Swain
Batting: LHB Tomás Guillén 0-0: Ball
1-0: Ball
2-0: Foul Ball, location: 2F
2-1: Swinging Strike
2-2: Strikes out swinging
Batting: RHB Tom Strickland 0-0: Called Strike
0-1: Ball
1-1: Swinging Strike
1-2: Reached on error, E3 (Groundball, 3S)
Batting: SHB Lawrence Franklin 0-0: Called Strike
0-1: Called Strike
0-2: Ball
Wild Pitch!
Tom Strickland to second
1-2: Ball
2-2: Foul Ball, location: 2F
2-2: Foul Ball, location: 2F
2-2: Ground out 6-3 (Groundball, 6M)
Tom Strickland to third
Batting: RHB Phil Hayes 0-0: Called Strike
0-1: SINGLE (Groundball, 6MD)
Tom Strickland scores
Batting: RHB Juan Banda 0-0: DOUBLE (Line Drive, 7LM)
Phil Hayes to third
Batting: SHB José Salazar 0-0: Called Strike
0-1: Called Strike
0-2: Fly out, F9 (Line Drive, 89M)
Bottom of the 1st over - 1 run(s), 2 hit(s), 1 error(s), 2 left on base; Balboa 3 - Augusta 1
TOP OF THE 2ND
Balboa Buccaneers batting - Pitching for Augusta Timber Hawks : RHP Henri Pollini
Batting: RHB Leonard James 0-0: Ball
1-0: Called Strike
1-1: Ball
2-1: Ball
3-1: Swinging Strike
3-2: Foul Ball, location: 2F
3-2: Ground out 2-3 (Groundball, 25)
Batting: LHB Steve Grimes 0-0: Ball
1-0: Ball
2-0: Foul Ball, location: 2F
2-1: Swinging Strike
2-2: Foul Ball, location: 2F
2-2: Strikes out looking
Batting: RHB Denis Taylor 0-0: Foul Ball, location: 2F
0-1: Foul Ball, location: 2F
0-2: Foul Ball, location: 2F
0-2: Foul Ball, location: 2F
0-2: Foul Ball, location: 2F
0-2: Ball
1-2: Foul Ball, location: 2F
1-2: Ball
2-2: Strikes out swinging
Top of the 2nd over - 0 run(s), 0 hit(s), 0 error(s), 0 left on base; Balboa 3 - Augusta 1
BOTTOM OF THE 2ND
Augusta Timber Hawks batting - Pitching for Balboa Buccaneers : RHP Bill Swain
Batting: RHB Rob Young 0-0: Ball
1-0: Ball
2-0: Called Strike
2-1: Ball
3-1: Base on Balls
Batting: RHB Quinn Johnson 0-0: Fly out, F9 (Flyball, 9LSF)
Batting: LHB Eugene Lawrence 0-0: Ball
1-0: Ball
2-0: Ball
3-0: Called Strike
3-1: Called Strike
3-2: Foul Ball, location: 2F
3-2: Grounds out, U3 (Groundball, 3L)
Batting: LHB Tomás Guillén 0-0: Ball
1-0: Called Strike
1-1: Called Strike
1-2: Strikes out looking
Bottom of the 2nd over - 0 run(s), 0 hit(s), 0 error(s), 1 left on base; Balboa 3 - Augusta 1
TOP OF THE 3RD
Balboa Buccaneers batting - Pitching for Augusta Timber Hawks : RHP Henri Pollini
Batting: RHB Miguel Ramírez 0-0: Called Strike
0-1: Called Strike
0-2: Ball
1-2: Ball
2-2: Ball
3-2: Strikes out swinging
Batting: SHB Walt Smith 0-0: Ground out 3-1 (Groundball, 34)
Batting: RHB Roy Childress 0-0: SINGLE (Flyball, 9S)
Batting: RHB César Garza 0-0: Ball
1-0: Called Strike
1-1: Ball
2-1: Ground out U3 (Groundball, 3L)
Top of the 3rd over - 0 run(s), 1 hit(s), 0 error(s), 1 left on base; Balboa 3 - Augusta 1
BOTTOM OF THE 3RD
Augusta Timber Hawks batting - Pitching for Balboa Buccaneers : RHP Bill Swain
Batting: RHB Tom Strickland 0-0: Ball
1-0: SINGLE (Line Drive, 4M)
Batting: SHB Lawrence Franklin 0-0: Ball
1-0: Fly out, F7 (Flyball, 78D)
Batting: RHB Phil Hayes 0-0: Called Strike
0-1: Swinging Strike
0-2: Grounds into double play, 6-4-3 (Groundball, 6)
Bottom of the 3rd over - 0 run(s), 1 hit(s), 0 error(s), 0 left on base; Balboa 3 - Augusta 1
TOP OF THE 4TH
Balboa Buccaneers batting - Pitching for Augusta Timber Hawks : RHP Henri Pollini
Batting: RHB Matt Nelson 0-0: Ball
1-0: Ground out 3-1 (Groundball, 3)
Batting: SHB Wook-jin Pae 0-0: Ground out 6-3 (Groundball, 6M)
Batting: RHB Leonard James 0-0: Ball
1-0: Ball
2-0: Foul Ball, location: 2F
2-1: Ball
3-1: Foul Ball, location: 2F
3-2: Foul Ball, location: 2F
3-2: Base on Balls
Batting: LHB Steve Grimes 0-0: Ball
1-0: Foul Ball, location: 2F
1-1: Ball
2-1: 2-RUN HOME RUN (Flyball, 7D), Distance : 408 ft
Batting: RHB Denis Taylor 0-0: DOUBLE (Flyball, 78D)
Batting: RHB Miguel Ramírez 0-0: Ball
1-0: Called Strike
1-1: Ground out 1-3 (Groundball, 25)
Top of the 4th over - 2 run(s), 2 hit(s), 0 error(s), 1 left on base; Balboa 5 - Augusta 1
BOTTOM OF THE 4TH
Augusta Timber Hawks batting - Pitching for Balboa Buccaneers : RHP Bill Swain
Batting: RHB Juan Banda 0-0: Ball
1-0: Swinging Strike
1-1: Swinging Strike
1-2: SINGLE (Flyball, 8RS)
Batting: SHB José Salazar 0-0: Called Strike
0-1: Fly out, F6 (Popup, 6MD)
Batting: RHB Rob Young 0-0: Ball
1-0: Called Strike
1-1: Called Strike
1-2: Strikes out swinging
Batting: RHB Quinn Johnson 0-0: Called Strike
0-1: Ball
1-1: Swinging Strike
1-2: Strikes out looking
Bottom of the 4th over - 0 run(s), 1 hit(s), 0 error(s), 1 left on base; Balboa 5 - Augusta 1
TOP OF THE 5TH
Balboa Buccaneers batting - Pitching for Augusta Timber Hawks : RHP Henri Pollini
Batting: SHB Walt Smith 0-0: Called Strike
0-1: Called Strike
0-2: SINGLE (Line Drive, 89S)
Batting: RHB Roy Childress 0-0: Called Strike
0-1: Ball
1-1: Foul Ball, location: 2F
1-2: Strikes out looking
Batting: RHB César Garza 0-0: Called Strike
0-1: Fly out, F3 (Popup, 3F)
Batting: RHB Matt Nelson 0-0: Ball
1-0: Swinging Strike
1-1: Foul Ball, location: 2F
1-2: Fly out, F5 (Line Drive, 5F)
Top of the 5th over - 0 run(s), 1 hit(s), 0 error(s), 1 left on base; Balboa 5 - Augusta 1
BOTTOM OF THE 5TH
Augusta Timber Hawks batting - Pitching for Balboa Buccaneers : RHP Bill Swain
Batting: LHB Eugene Lawrence 0-0: Ground out U3 (Groundball, 3S)
Batting: LHB Tomás Guillén 0-0: Ball
1-0: Foul Ball, location: 2F
1-1: Ball
2-1: Foul Ball, location: 2F
2-2: Ball
3-2: Foul Ball, location: 2F
3-2: Base on Balls
Batting: RHB Tom Strickland 0-0: Ball
1-0: Called Strike
1-1: Swinging Strike
1-2: Ball
2-2: Strikes out swinging
Batting: SHB Lawrence Franklin 0-0: Ball
1-0: Foul Ball, location: 2F
1-1: Fly out, F8 (Flyball, 8LM)
Bottom of the 5th over - 0 run(s), 0 hit(s), 0 error(s), 1 left on base; Balboa 5 - Augusta 1
TOP OF THE 6TH
Balboa Buccaneers batting - Pitching for Augusta Timber Hawks : RHP Henri Pollini
Batting: SHB Wook-jin Pae 0-0: Ball
1-0: Swinging Strike
1-1: Foul Ball, location: 2F
1-2: Foul Ball, location: 2F
1-2: Foul Ball, location: 2F
1-2: Ball
2-2: Ball
3-2: Base on Balls
Batting: RHB Leonard James Pickoff Throw to First - Error! E1
Wook-jin Pae to second
0-0: Called Strike
0-1: Ball
1-1: Swinging Strike
1-2: Strikes out looking
Batting: LHB Steve Grimes 0-0: Ball
1-0: SINGLE (Groundball, 2L) (infield hit)
Wook-jin Pae to third
Batting: RHB Denis Taylor 0-0: Ball
1-0: Ball
2-0: DOUBLE (Line Drive, 7M)
Wook-jin Pae scores
Steve Grimes to third
Pitching: LHP Eric Patnode
Batting: RHB Miguel Ramírez 0-0: Called Strike
0-1: Ground out 2-3 (Groundball, 25)
Batting: SHB Walt Smith 0-0: Foul Ball, location: 2F
0-1: Ball
1-1: Called Strike
1-2: Ball
2-2: Foul Ball, location: 2F
2-2: Ball
3-2: Strikes out looking
Top of the 6th over - 1 run(s), 2 hit(s), 1 error(s), 2 left on base; Balboa 6 - Augusta 1
BOTTOM OF THE 6TH
Augusta Timber Hawks batting - Pitching for Balboa Buccaneers : RHP Bill Swain
Batting: RHB Phil Hayes 0-0: Ball
1-0: Called Strike
1-1: Fly out, F8 (Flyball, 89XD)
Batting: RHB Juan Banda 0-0: Called Strike
0-1: Called Strike
0-2: SINGLE (Flyball, 8LS)
Batting: SHB José Salazar 0-0: Called Strike
0-1: Ball
1-1: Ball
2-1: Called Strike
2-2: Ball
3-2: Fly out, F7 (Flyball, 7LM)
3-2: Fly out, F7 (Flyball, 7LM)
Batting: RHB Rob Young 0-0: Ball
Juan Banda steals 2nd base
1-0: Foul Ball, location: 2F
1-1: Swinging Strike
1-2: Ball
2-2: Ball
3-2: Strikes out swinging
Bottom of the 6th over - 0 run(s), 1 hit(s), 0 error(s), 1 left on base; Balboa 6 - Augusta 1
TOP OF THE 7TH
Balboa Buccaneers batting - Pitching for Augusta Timber Hawks : LHP Eric Patnode
Batting: RHB Roy Childress 0-0: Foul Ball, location: 2F
0-1: Ball
1-1: Foul Ball, location: 2F
1-2: Ball
2-2: Strikes out looking
Batting: RHB César Garza 0-0: Ball
1-0: Ball
2-0: Ball
3-0: Called Strike
3-1: Base on Balls
Batting: RHB Matt Nelson 0-0: Foul Ball, location: 2F
0-1: Foul Ball, location: 2F
0-2: Ball
1-2: Ball
2-2: Ball
3-2: DOUBLE (Line Drive, 9LS)
César Garza to third
César Garza scores
Batting: SHB Wook-jin Pae 0-0: Ball
1-0: Ball
2-0: Fly out, F9 (Flyball, 9M)
Batting: RHB Leonard James 0-0: Called Strike
0-1: Ball
1-1: Foul Ball, location: 2F
1-2: Ball
2-2: Strikes out swinging
Top of the 7th over - 1 run(s), 1 hit(s), 0 error(s), 1 left on base; Balboa 7 - Augusta 1
BOTTOM OF THE 7TH
Augusta Timber Hawks batting - Pitching for Balboa Buccaneers : RHP Bill Swain
Batting: RHB Quinn Johnson 0-0: Called Strike
0-1: Ball
1-1: Foul Ball, location: 2F
1-2: Foul Ball, location: 2F
1-2: Ball
2-2: Ball
3-2: Base on Balls
Batting: LHB Eugene Lawrence 0-0: Called Strike
0-1: Ball
1-1: Swinging Strike
1-2: Fly out, F3 (Popup, 3DF)
Batting: LHB Tomás Guillén 0-0: SINGLE (Line Drive, 9S)
Quinn Johnson to second
Runner from 2nd tries for 3rd, SAFE, throw made to third
Batting: RHB Tom Strickland 0-0: Foul Ball, location: 2F
0-1: Ball
1-1: Ball
2-1: Called Strike
2-2: Ball
3-2: Base on Balls
Tomás Guillén to second
Pitching: LHP Andy Hayden
Batting: SHB Lawrence Franklin 0-0: Ball
1-0: Ball
2-0: Fly out, F8 (Line Drive, 8RM)
Runner from 3rd tags up, SCORES, throw made
Batting: RHB Phil Hayes 0-0: Called Strike
0-1: Ball
1-1: Reached on Error, E4 (Popup, 4D)
Tomás Guillén to third
Tom Strickland to second
Batting: RHB Juan Banda 0-0: Ball
1-0: Swinging Strike
1-1: Ball
2-1: Called Strike
2-2: Strikes out swinging
Bottom of the 7th over - 1 run(s), 1 hit(s), 1 error(s), 3 left on base; Balboa 7 - Augusta 2
TOP OF THE 8TH
Balboa Buccaneers batting - Pitching for Augusta Timber Hawks : LHP Eric Patnode
Batting: LHB Steve Grimes 0-0: Swinging Strike
0-1: Ground out U3 (Groundball, 3)
Pitching: RHP Terry Hopkins
Batting: RHB Denis Taylor 0-0: Called Strike
0-1: Swinging Strike
0-2: Foul Ball, location: 2F
0-2: Ball
1-2: SINGLE (Line Drive, 7LS)
Batting: RHB Miguel Ramírez 0-0: Ball
1-0: TRIPLE (Flyball, 9LM)
Denis Taylor scores
Batting: SHB Walt Smith 0-0: Ball
1-0: Ball
2-0: Ball
3-0: Called Strike
3-1: Base on Balls
Batting: RHB Roy Childress 0-0: Ball
1-0: Ball
2-0: Swinging Strike
2-1: Ball
3-1: Called Strike
3-2: Foul Ball, location: 2F
3-2: Base on Balls
Walt Smith to second
Batting: RHB César Garza 0-0: Called Strike
0-1: GRAND SLAM HOME RUN (Flyball, 7D), Distance : 427 ft
Pitching: RHP Jim Thornton
Batting: RHB Matt Nelson 0-0: Called Strike
0-1: Called Strike
0-2: Strikes out swinging
Pinch Hitting: RHB Mike Ontiveros 0-0: Foul Ball, location: 2F
0-1: Ball
1-1: Foul Ball, location: 2F
1-2: Foul Ball, location: 2F
1-2: Ball
2-2: Fly out, F2 (Popup, 23F)
Top of the 8th over - 5 run(s), 3 hit(s), 0 error(s), 0 left on base; Balboa 12 - Augusta 2
BOTTOM OF THE 8TH
Augusta Timber Hawks batting - Pitching for Balboa Buccaneers : LHP Andy Hayden
Now at 1B: Mike Ontiveros
Batting: SHB José Salazar 0-0: Ball
1-0: Ball
2-0: Called Strike
2-1: Ball
3-1: Called Strike
3-2: Foul Ball, location: 2F
3-2: Foul Ball, location: 2F
3-2: Base on Balls
Batting: RHB Rob Young 0-0: Foul Ball, location: 2F
0-1: Foul Ball, location: 2F
0-2: Fly out, F8 (Line Drive, 78M)
Pinch Hitting: RHB Dave Bush 0-0: Called Strike
0-1: Ball
1-1: Ball
2-1: Ball
3-1: Foul Ball, location: 2F
3-2: Fly out, F5 (Popup, 5S)
Batting: LHB Eugene Lawrence 0-0: Called Strike
0-1: Ball
1-1: Ball
2-1: Fielders Choice at 2nd, 6-4 (Groundball, 6S)
Bottom of the 8th over - 0 run(s), 0 hit(s), 0 error(s), 0 left on base; Balboa 12 - Augusta 2
TOP OF THE 9TH
Balboa Buccaneers batting - Pitching for Augusta Timber Hawks : RHP Jim Thornton
Now at 2B: Dave Bush
Pinch Hitting: RHB Bill Manning 0-0: Fly out, F8 (Flyball, 8RS)
Batting: LHB Steve Grimes 0-0: Called Strike
0-1: Ball
1-1: SINGLE (Flyball, 89S)
Batting: RHB Denis Taylor 0-0: Ball
1-0: Ball
2-0: Ball
3-0: Foul Ball, location: 2F
3-1: DOUBLE (Line Drive, 8RXD)
Steve Grimes to third
Runner from 3rd tries for Home, SAFE, no throw or cutoff
Batting: RHB Miguel Ramírez 0-0: Called Strike
0-1: Ball
1-1: Ball
2-1: Ball
3-1: SINGLE (Flyball, 6MD)
Denis Taylor to third
Batting: SHB Walt Smith 0-0: Foul Ball, location: 2F
0-1: Foul Ball, location: 2F
0-2: Foul Ball, location: 2F
0-2: Ball
1-2: SINGLE (Groundball, 6MD)
Denis Taylor scores
Miguel Ramírez to second
Batting: RHB Roy Childress 0-0: Called Strike
0-1: Called Strike
0-2: Strikes out swinging
Batting: RHB César Garza 0-0: Fly out, F3 (Popup, 23)
Top of the 9th over - 2 run(s), 4 hit(s), 0 error(s), 2 left on base; Balboa 14 - Augusta 2
BOTTOM OF THE 9TH
Augusta Timber Hawks batting - Pitching for Balboa Buccaneers : LHP Andy Hayden
Now at 1B: Bill Manning
Batting: LHB Tomás Guillén 0-0: Swinging Strike
0-1: Swinging Strike
0-2: Ball
1-2: Foul Ball, location: 2F
1-2: Strikes out swinging
Batting: RHB Tom Strickland 0-0: Called Strike
0-1: Ball
1-1: Ball
2-1: Ball
3-1: Foul Ball, location: 2F
3-2: Base on Balls
Batting: SHB Lawrence Franklin 0-0: Ball
1-0: Swinging Strike
1-1: Called Strike
1-2: Foul Ball, location: 2F
1-2: Fielders Choice at 2nd, 6-4 (Groundball, 6M)
Batting: RHB Phil Hayes 0-0: Swinging Strike
0-1: Called Strike
0-2: Ball
1-2: Ball
2-2: Ball
3-2: Foul Ball, location: 2F
3-2: Base on Balls
Lawrence Franklin to second
Batting: RHB Juan Banda 0-0: Ball
1-0: Ground out 5-3 (Groundball, 5S)
Bottom of the 9th over - 0 run(s), 0 hit(s), 0 error(s), 2 left on base; Balboa 14 - Augusta 2
This league is powered by Out of the Park Baseball, the baseball management simulation game for PC, Mac and Linux
Saturday, July 25th, 2015 - OOTP Baseball 15.6 Build 34